 Dungeon Crawl Stone Soup version 0.17.1-2-g5865329 (webtiles) character file.

469 Jobasha the Ducker (level 6, -1/52 HPs)
             Began as a Minotaur Gladiator on Jan 27, 2016.
             Was an Initiate of Kikubaaqudgha.
             Slain by NighmareConjurer's ghost (9 damage)
             ... on level 4 of the Dungeon.
             The game lasted 00:16:18 (3938 turns).

Jobasha the Ducker (Minotaur Gladiator)             Turns: 3938, Time: 00:16:18

Health: -1/52      AC:  5    Str: 19    XL:     6   Next: 82%
Magic:  5/5        EV: 14    Int:  5    God:    Kikubaaqudgha [......]
Gold:   191        SH:  0    Dex: 13    Spells: 0 memorised, 5 levels left

rFire  . . .     SeeInvis .     w - +1 mace (drain)
rCold  + . .     Clarity  .     b - +1 leather armour
rNeg   . . .     SustAt   .     (no shield)
rPois  .         Gourm    .     c - +0 hat
rElec  .         Spirit   .     r - +0 cloak
rCorr  .         Warding  .     (no gloves)
rMut   .         Rnd*Tele +     (no boots)
MR     .....                    (no amulet)
Stlth  +.........               j - ring of teleportation
                                l - ring of protection from cold

@: not resistant to hostile enchantments, very unstealthy
A: retaliatory headbutt, horns 2
a: Renounce Religion, Evoke Teleportation


You were on level 4 of the Dungeon.
You worshipped Kikubaaqudgha.
Kikubaaqudgha was noncommittal.
You were not hungry.

You visited 1 branch of the dungeon, and saw 4 of its levels.

You collected 191 gold pieces.

Inventory:

Hand Weapons
 a - a +0 flail
 i - a +0 scythe
 w - a +1 mace of draining (weapon)
Missiles
 d - 2 throwing nets (quivered)
Armour
 b - a +1 leather armour (worn)
 c - a +0 hat (worn)
 r - a +0 cloak (worn)
Jewellery
 h - a -3 ring of protection
 j - a ring of teleportation (right hand)
 l - a ring of protection from cold (left hand)
Scrolls
 f - a scroll of blinking {unknown}
 m - 3 scrolls of remove curse
 p - 5 scrolls of identify
 q - a scroll of teleportation
 t - a scroll of random uselessness {unknown}
 x - a scroll of magic mapping {unknown}
 y - a scroll of recharging {unknown}
Potions
 g - a potion of poison {unknown}
 u - a potion of agility
Comestibles
 e - 5 bread rations
 k - a slice of pizza
 s - a meat ration


   Skills:
 + Level 4.1 Fighting
 + Level 4.9 Maces & Flails
 + Level 2.6 Throwing
 + Level 3.9 Armour
 + Level 5.7 Dodging
 + Level 0.5 Stealth


You had 5 spell levels left.
You didn't know any spells.

Dungeon Overview and Level Annotations

Branches:
Dungeon (4/15)
 Temple: D:4-7

Altars:
Kikubaaqudgha

Annotations:
D:4 NighmareConjurer's ghost, amateur MiBe


Innate Abilities, Weirdness & Mutations

You reflexively headbutt those who attack you in melee.
You have a pair of horns on your head.


Message History

You barely miss NighmareConjurer's ghost.
Your headbutt misses NighmareConjurer's ghost.
NighmareConjurer's ghost is severely damaged.
NighmareConjurer's ghost hits you!
You closely miss NighmareConjurer's ghost.
NighmareConjurer's ghost is severely damaged.
NighmareConjurer's ghost hits you! NighmareConjurer's ghost hits you.
You hit NighmareConjurer's ghost.
NighmareConjurer's ghost is severely damaged.
NighmareConjurer's ghost hits you!
* * * LOW HITPOINT WARNING * * *
You barely miss NighmareConjurer's ghost.
NighmareConjurer's ghost is severely damaged.
NighmareConjurer's ghost closely misses you.
You barely miss NighmareConjurer's ghost.
Your headbutt misses NighmareConjurer's ghost.
NighmareConjurer's ghost is severely damaged.
NighmareConjurer's ghost hits you!
You die...
Kikubaaqudgha rasps: "You have failed me!
Welcome... death!"

#.# ##.## #.# #.#
###.##### #.# #.......#
##'## ##.#.###.###...##
.....# #.##.....## ##...#
#.#.......## #
.....###....(.....####...#
...........(<([W@.'.......
.#...###..........####...#
.#..####.#.......## #
.........##.....##
..........##...##
.#.######.###'##
.......##.# #.#
##.###.##># #.####### ##.#
#.##.###.......#


You could see NighmareConjurer's ghost.

Vanquished Creatures
  Sigmund (D:4)
  A phantom (D:4)
  A hound (D:4)
  A crimson imp (D:3)
  A giant frog skeleton (D:3)
  8 adders
  2 worms
  5 giant geckos
  3 orcs (D:3)
  2 ball pythons
  2 giant cockroaches
  10 hobgoblins
  4 jackals (D:1)
  3 quokkas
  7 bats
  2 giant newts (D:3)
  7 goblins
  4 kobolds
  12 rats
76 creatures vanquished.

Vanquished Creatures (others)
  A human (D:4)
1 creature vanquished.

Grand Total: 77 creatures vanquished

Notes
Turn   | Place    | Note
--------------------------------------------------------------
     0 | D:1      | Jobasha the Minotaur Gladiator began the quest for the Orb.
     0 | D:1      | Reached XP level 1. HP: 18/18 MP: 0/0
   180 | D:1      | Reached XP level 2. HP: 25/25 MP: 1/1
   684 | D:1      | Reached skill level 4 in Dodging
   926 | D:2      | Reached XP level 3. HP: 27/30 MP: 2/2
  1517 | D:2      | Reached skill level 1 in Armour
  1929 | D:2      | Reached XP level 4. HP: 34/38 MP: 3/3
  2171 | D:2      | You fall through a shaft!
  2572 | D:3      | Reached XP level 5. HP: 45/45 MP: 4/4
  3112 | D:4      | Noticed a phantom
  3126 | D:4      | Killed a phantom
  3126 | D:4      | Reached skill level 5 in Dodging
  3126 | D:4      | Reached XP level 6. HP: 39/51 MP: 5/5
  3348 | D:4      | Noticed Sigmund
  3798 | D:4      | Found an ancient bone altar of Kikubaaqudgha.
  3801 | D:4      | Noticed a human
  3802 | D:4      | Killed a human
  3808 | D:4      | Became a worshipper of Kikubaaqudgha
  3890 | D:4      | Killed Sigmund
  3925 | D:4      | Noticed NighmareConjurer's ghost (amateur MiBe)
  3938 | D:4      | Slain by NighmareConjurer's ghost

Action                   |  1- 3 |  4- 6 || total
-------------------------+-------+-------++-------
Melee: Flail             |    75 |    46 ||   121
       Mace              |       |    48 ||    48
Throw: Tomahawk          |       |    14 ||    14
       Throwing net      |       |     1 ||     1
  Use: Scroll            |     1 |     5 ||     6
       Potion            |     2 |     6 ||     8
  Eat: Chunk             |     2 |     4 ||     6
       Fruit             |     1 |     1 ||     2
       Meat ration       |       |     1 ||     1
